 Dungeon Crawl Stone Soup version 0.22-a0-348-gd16d139 (webtiles) character file.

108 Goblin1989 the Sneak (level 4, -5/29 HPs)
             Began as an Octopode Assassin on Apr 9, 2018.
             Slain by an ogre
             ... wielding a +0 giant club
              (19 damage)
             ... on level 4 of the Dungeon.
             The game lasted 00:06:38 (2867 turns).

Goblin1989 the Sneak (Octopode Assassin)            Turns: 2867, Time: 00:06:39

Health: -5/29      AC:  1    Str: 10    XL:     4   Next: 87%
Magic:  4/4        EV: 12    Int: 14    God:
Gold:   57         SH:  0    Dex: 13    Spells: 3/3 levels left

rFire    . . .     SeeInvis .   w - +0 blowgun {@w1}
rCold    . . .     Gourm    .   (no shield)
rNeg     . . .     Faith    .   (helmet restricted)
rPois    +         Spirit   .   (no amulet)
rElec    .         Reflect  .   o - ring of poison resistance
rCorr    .         Harm     .   (no ring)
MR       .....                  (no ring)
Stlth    ++++......             (no ring)
HPRegen  0.09/turn              (no ring)
MPRegen  0.09/turn              (no ring)
                                (no ring)
                                (no ring)

@: drained
A: almost no armour, stealthy swim, amphibious, 8 rings, constrict 8, camouflage
1, gelatinous body 1
a: no special abilities


You were on level 4 of the Dungeon.
You were not hungry.

You visited 1 branch of the dungeon, and saw 4 of its levels.

You collected 57 gold pieces.

Inventory:

Hand Weapons
 a - a +2 dagger
 w - a +0 blowgun (weapon) {@w1}
Missiles
 c - 6 poisoned needles (quivered)
 d - 2 curare-tipped needles
 z - 96 stones {@Q3}
Jewellery
 o - a ring of poison resistance (left tentacle)
Scrolls
 y - 2 scrolls of enchant armour {unknown}
 T - a scroll of teleportation
 V - a scroll of remove curse {@r2}
 W - a scroll of identify {unknown}
 X - a scroll of immolation
Potions
 D - 2 potions of cancellation {unknown}
 E - a potion of haste {unknown}
 F - 2 potions of lignification {unknown}
 G - a potion of flight {unknown}
Comestibles
 e - 6 rations
 Y - 2 chunks of flesh


   Skills:
 - Level 2.0(1.7) Fighting
 * Level 4.1(3.9) Short Blades
 - Level 2.0(1.7) Throwing
 - Level 1.0(0.7) Dodging
 + Level 6.4(6.2) Stealth


You had 3 spell levels left.
You didn't know any spells.

Dungeon Overview and Level Annotations

Branches:
Dungeon (4/15)
 Temple: D:4-7

Altars:
Zin

Annotations:
D:3 mortelune's ghost, amateur DrFE
D:4 Amnesiac's ghost, amateur VSGl


Innate Abilities, Weirdness & Mutations

You cannot wear most types of armour.
You are very stealthy in the water. (Stealth+)
You are amphibious.
You can wear up to eight rings at the same time.
You can use your tentacles to constrict eight enemies at once.
Your skin changes colour to match your surroundings (Stealth+).
Your rubbery body absorbs attacks. (AC +1, EV +1)


Message History

No target in view!
No target in view!
You butcher the goblin corpse.
Y - 2 chunks of flesh You see here a club. x2
An orc comes into view. It is wielding a flail.
The helpless orc fails to defend itself.
You impale the orc!!
You kill the orc!
No target in view!
No target in view!
No target in view!
No target in view!
No target in view!
No target in view!
No target in view!
No target in view!
No target in view!
No target in view!
No target in view!
No target in view!
No target in view!
No target in view!
No target in view!
No target in view!
Things that are here:
a flail; 5 tomahawks of returning The hobgoblin shouts!
The hobgoblin misses you.
You hit the hobgoblin. Your grab misses the hobgoblin.
The hobgoblin is severely wounded.
The hobgoblin hits you with an enchanted spear.
You take 1 damage, and have 28/29 hp.
You hit the hobgoblin.
You kill the hobgoblin!
No target in view!
No target in view!
No target in view!
No target in view!
No target in view!
No target in view!
No target in view!
No target in view!
No target in view!
No target in view!
No target in view!
No target in view!
No target in view!
No target in view!
No target in view!
No target in view!
No target in view!
No target in view!
No target in view!
No target in view!
No target in view!
No target in view!
Things that are here:
an enchanted spear; a scroll of amnesia; a hobgoblin corpse
(D) Dungeon
Where to? (Enter - D:3 @ (x,y), ? - help) Mortelune's ghost turns its malevolent gaze towards you.
Mortelune's ghost is too close now for your liking.
Health restored: 29 Mortelune's ghost casts a spell at you.
The puff of flame hits you!
You take 6 damage, and have 23/29 hp.
MASSIVE DAMAGE!!
There is a stone staircase leading down here.
You can't go up here!
You climb downwards.
Level annotation: Amnesiac's ghost, amateur VSGl
There is a stone staircase leading up here.
HP restored.
An ogre comes into view. It is wielding a giant club.
Health restored: 29 An ogre is nearby!
The ogre shouts!
Wield which item (- for none, * to show all)? (? for menu, Esc to quit)
That's the wrong kind of item! (Use * to select it.) Wield which item (- for none, * to show all)? (? for menu, Esc to quit)
Okay, then.
Wield which item (- for none, * to show all)? (? for menu, Esc to quit)
w - a +0 blowgun (weapon)
{@w1} Firing (i - inventory. (/) - cycle)
c - 8 poisoned needles (quivered)
Press: ? - help, Shift-Dir - straight line, f - ogre
Aim: an ogre, wielding a giant club You shoot a poisoned needle.
The poisoned needle barely misses the ogre.
Firing (i - inventory. (/) - cycle)
c - 7 poisoned needles (quivered)
Press: ? - help, Shift-Dir - straight line, f/p - ogre
Aim: an ogre, wielding a giant club You shoot a poisoned needle.
The poisoned needle hits the ogre.
The ogre is poisoned.
The ogre hits you with a giant club!
Ouch! That really hurt!
You take 15 damage, and have 14/29 hp.
MASSIVE DAMAGE!!
The ogre looks more healthy.
The ogre hits you with a giant club!!
Ouch! That really hurt!
You die... █████

█▲███████▲██.....
█............█
█........O@..█
█............█
█..........<.█
██...███.█████
████████.█
(........█
.........█
........:█
.........█


You could see an ogre.

Vanquished Creatures
  Jessica (D:2)
  An adder (D:2)
  4 worms
  2 dart slugs
  2 leopard geckos
  2 orcs (D:3)
  9 bats
  A giant cockroach (D:1)
  4 goblins
  8 hobgoblins
  3 jackals (D:2)
  A quokka (D:3)
  2 frilled lizards
  6 kobolds
  8 rats
54 creatures vanquished.

Notes
Turn   | Place    | Note
-------+----------+-------------------------------------------
     0 | D:1      | Goblin1989 the Octopode Assassin began the quest for the Orb.
     0 | D:1      | Reached XP level 1. HP: 14/14 MP: 1/1
   298 | D:1      | Reached XP level 2. HP: 12/19 MP: 2/2
  1152 | D:2      | Reached XP level 3. HP: 20/24 MP: 3/3
  1209 | D:2      | Noticed Jessica
  1216 | D:2      | Killed Jessica
  1216 | D:2      | Reached skill level 6 in Stealth
  1372 | D:2      | You fall through a shaft!
  1379 | D:3      | Reached XP level 4. HP: 29/29 MP: 4/4
  1464 | D:3      | Noticed mortelune's ghost (amateur DrFE)
  2272 | D:4      | Noticed Amnesiac's ghost (amateur VSGl)
  2397 | D:3      | Found a glowing silver altar of Zin.
  2853 | D:4      | Noticed an ogre
  2867 | D:4      | Slain by an ogre

Vault maps used:
D:1:      dpeg_arrival_castle, nrook_loot_triangle, st_stairs_14,
          glass_columns_a
D:2:      first_ration, kennysheep_generic_room_13, uniq_jessica
D:3:      lemuel_crystal_altar, kennysheep_generic_room_9

Skill      XL: |  1  2  3  4 |
---------------+-------------+-----
Short Blades   | 3 4 |  4.1
Stealth        | 6 |  6.4
Fighting       | |  2.0
Throwing       | |  2.0
Dodging        | |  1.0

Action                   |  1- 3 |  4- 6 || total
-------------------------+-------+-------++-------
Melee: Dagger            |    37 |    60 ||    97
       Constrict         |     7 |    10 ||    17
       Tentacles         |     2 |     7 ||     9
       Quarterstaff      |       |     2 ||     2
 Fire: Blowgun           |       |     2 ||     2
  Use: Scroll            |       |     5 ||     5
 Stab: Sleeping          |    11 |    13 ||    24
  Eat: Chunk             |     1 |     3 ||     4
       Ration            |       |     1 ||     1
Armor: Skin              |       |     4 ||     4
Dodge: Dodged            |    12 |    28 ||    40

Table legend:
 A = Spawn XP
 B = Non-spawn XP
 C = Spawn XP percentage of total XP
 D = Spawn monster count
 E = Non-spawn monster count
 F = Spawn count percentage of total count
 G = Total turns spent on level
                    A         B        C        D         E        F      G
               +---------+---------+-------+---------+---------+-------+---------
         Total |       0 |     155 |   0.0 |       0 |      54 |   0.0 |  2867
               +---------+---------+-------+---------+---------+-------+---------
           D:1 |       0 |      23 |   0.0 |       0 |      12 |   0.0 |  1065
           D:2 |       0 |     107 |   0.0 |       0 |      29 |   0.0 |  1011
           D:3 |       0 |      25 |   0.0 |       0 |      13 |   0.0 |   545
               +---------+---------+-------+---------+---------+-------+---------

Vault maps used:
D:1:      dpeg_arrival_castle, nrook_loot_triangle, st_stairs_14,
          glass_columns_a
D:2:      first_ration, kennysheep_generic_room_13, uniq_jessica
D:3:      lemuel_crystal_altar, kennysheep_generic_room_9
